[Event "fics rated crazyhouse match"]
[Site "fics, Oklahoma City, OK USA"]
[Date "2000.01.24"]
[White "Ephemera"]
[WhiteElo "2176"]
[Black "Igy"]
[BlackElo "2255"]
[TimeControl "180+0"]
[Result "0-1"]

1. e4 e6 2. d4 Nc6 3. Nf3 Nf6 4. d5 exd5 5. exd5 Bb4+ 6. P@c3 
Qe7+ 7. Be2 Ne5 8. Nxe5 Qxe5 9. cxb4 Nxd5 10. B@d4 Qe7 11. N@f5 Qxb4+ 
12. c3 Qa5 13. Nxg7+ Kd8 14. P@f6 P@e4 15. O-O d6 16. Re1 c6 17. b4 
Qc7 18. Bf1 P@f5 19. Bg5 Bd7 20. Na3 h6 21. Bh4 P@g5 22. Bg3 h5 
23. Bxd6 Qxd6 24. Nc4 Qf4 25. Be5 Qh4 26. Bc7+ Nxc7 27. Qd6 B@f4 28. P@g3 
Bxd6 29. Nxd6 Qxh2+ 30. Kxh2 N@g4+ 31. Kg1 Q@h2# 
{Ephemera checkmated} 0-1

[Event "fics rated crazyhouse match"]
[Site "fics, Oklahoma City, OK USA"]
[Date "2000.01.24"]
[White "Igy"]
[WhiteElo "2261"]
[Black "Ephemera"]
[BlackElo "2170"]
[TimeControl "180+0"]
[Result "1-0"]

1. e4 e5 2. Nf3 Nc6 3. Bc4 Bc5 4. O-O d6 5. c3 Bg4 6. d4 
exd4 7. Bxf7+ Kf8 8. P@g6 Nf6 9. cxd4 Bxf3 10. Qxf3 Nxd4 11. Qd3 N@e5 
12. Qxd4 Bxd4 13. N@e6+ Ke7 14. Nxd8 P@d7 15. Nxb7 hxg6 16. Bg5 P@e6 17. Bxg6 
P@e2 18. Nc3 exf1=Q+ 19. Rxf1 Rxh2 20. Bxf6+ Kxf6 21. N@d5+ exd5 22. Nxd5+ Kxg6 
23. Q@f5+ Kh6 24. B@f4+ g5 25. Bxg5+ Kh5 26. g4+ Nxg4 27. Nf4# 
{Ephemera checkmated} 1-0

[Event "fics rated crazyhouse match"]
[Site "fics, Oklahoma City, OK USA"]
[Date "2000.01.24"]
[White "venomous"]
[WhiteElo "2456"]
[Black "Ebenfelt"]
[BlackElo "2361"]
[TimeControl "180+0"]
[Result "1-0"]

1. e4 e5 2. Nf3 Nc6 3. Nc3 Bc5 4. Bc4 Nf6 5. O-O O-O 6. d3 
h6 7. Be3 d6 8. Bxc5 dxc5 9. h3 Nd4 10. Nxe5 Bxh3 11. gxh3 P@e2 
12. Nxe2 Nxe2+ 13. Qxe2 N@d4 14. Qd1 B@e2 15. P@g2 Bxd1 16. Raxd1 Nxc2 17. N@g3 
P@d5 18. exd5 Nxd5 19. Bxd5 Qxd5 20. N@e7+ Kh8 21. Nxd5 B@d6 22. P@f6 Bxe5 
23. fxg7+ Bxg7 24. P@f6 Bxf6 25. Nxf6 Q@g6 26. B@f5 N@e2+ 27. Nxe2 Qxf5 28. P@g7+ 
Kxg7 29. N@h5+ Qxh5 30. Nxh5+ Kg6 31. Nef4+ Kg5 32. Q@g4# 
{Ebenfelt checkmated} 1-0

[Event "fics rated crazyhouse match"]
[Site "fics, Oklahoma City, OK USA"]
[Date "2000.01.24"]
[White "Ebenfelt"]
[WhiteElo "2352"]
[Black "venomous"]
[BlackElo "2462"]
[TimeControl "180+0"]
[Result "0-1"]

1. e4 e6 2. d4 Nc6 3. Nf3 Nf6 4. Bd3 d5 5. e5 Ne4 6. O-O 
Be7 7. Re1 f5 8. exf6 Nxf6 9. Ng5 P@e4 10. P@f7+ Kf8 11. Bb5 Bd6 
12. Bxc6 bxc6 13. N@e5 Bd7 14. Bf4 B@h6 15. Qd2 Rb8 16. c3 Qe7 17. Na3 
Nh5 18. Nxh7+ Rxh7 19. Ng6+ Kxf7 20. Nxe7 Bhxf4 21. P@g6+ Kxe7 22. Q@f7+ Kd8 
23. Qe2 Bxh2+ 24. Kf1 B@d3 25. gxh7 Bxe2+ 26. Kxe2 Q@d3# 
{Ebenfelt checkmated} 0-1

[Event "fics rated crazyhouse match"]
[Site "fics, Oklahoma City, OK USA"]
[Date "2000.01.24"]
[White "venomous"]
[WhiteElo "2468"]
[Black "Ebenfelt"]
[BlackElo "2343"]
[TimeControl "180+0"]
[Result "0-1"]

1. e4 e5 2. Nf3 Nc6 3. Nc3 Bc5 4. Bc4 Nf6 5. O-O O-O 6. d3 
h6 7. Be3 d6 8. h3 Nh5 9. Nxe5 Nxe5 10. Qxh5 Bxe3 11. fxe3 N@g3 
12. Qd1 Qh4 13. B@h2 Bxh3 14. gxh3 Nxf1 15. Qxf1 P@g3 16. N@f5 gxh2+ 17. Kxh2 
R@f2+ 18. B@g2 Nf3+ 19. Kh1 Qxh3# 
{venomous resigns} 0-1

[Event "fics rated crazyhouse match"]
[Site "fics, Oklahoma City, OK USA"]
[Date "2000.01.24"]
[White "Ebenfelt"]
[WhiteElo "2359"]
[Black "venomous"]
[BlackElo "2457"]
[TimeControl "180+0"]
[Result "0-1"]

1. e4 e6 2. d4 Nc6 3. Nf3 Nf6 4. Nc3 Bb4 5. Bd3 d5 6. exd5 
Nxd5 7. Bd2 P@a3 8. Nxd5 Bxd2+ 9. Qxd2 axb2 10. Rb1 exd5 11. Rxb2 P@e4 
12. N@h5 Rg8 13. P@h6 exf3 14. gxf3 N@g2+ 15. Kd1 B@g5 16. Qe2+ N@e6 17. Rg1 
Nxd4 18. Qe5 Nxf3 19. Nxg7+ Rxg7 20. hxg7 Nxe5 21. g8=Q+ N@f8 22. Qxf8+ Nxf8 
23. N@g7+ Kd7 24. P@c6+ bxc6 25. P@e3 P@c3 26. B@d2 cxb2 27. Rxg2 b1=Q+ 28. N@c1 
Q@f3+ 29. Be2 Qxg2 30. R@e1 Qxf2 31. Rf1 Qxh2 32. Bc3 Bxe3 33. P@d2 P@b2 
{Ebenfelt forfeits on time} 0-1

[Event "fics rated crazyhouse match"]
[Site "fics, Oklahoma City, OK USA"]
[Date "2000.01.24"]
[White "venomous"]
[WhiteElo "2463"]
[Black "Ebenfelt"]
[BlackElo "2350"]
[TimeControl "180+0"]
[Result "1-0"]

1. b3 e5 2. Bb2 Nc6 3. e3 d5 4. Bb5 Bd6 5. Nf3 Qe7 6. d4 
e4 7. Ne5 Bxe5 8. dxe5 Be6 9. B@a3 Qd7 10. Nc3 a6 11. Bxc6 bxc6 
12. Nxe4 B@a5+ 13. P@c3 Bb6 14. N@c5 Qc8 15. Nxe6 Qxe6 16. B@h3 Qg6 17. Ng3 
Nh6 18. Qh5 Qxc2 19. O-O P@g6 20. Qg5 c5 21. e6 O-O 22. exf7+ Nxf7 
23. Qxd5 Rad8 24. P@d7 N@f6 25. Qd1 Qxd1 26. Raxd1 Ng5 27. Be6+ Nxe6 28. P@e7 
B@c6 29. exf8=Q+ Rxf8 30. f3 P@e2 31. Nxe2 Q@h4 32. Q@g3 Qxg3 33. Nxg3 c4 
34. P@c5 Bxc5 35. Bxc5 P@e2 36. Nxe2 Ng5 37. P@f7+ Kh8 38. R@g8+ Nxg8 39. fxg8=Q+ 
Rxg8 40. B@g4 N@h3+ 41. gxh3 Nxh3+ 42. Bxh3 R@g5+ 43. N@g3 P@d3 44. N@f7# 
{Ebenfelt checkmated} 1-0

[Event "fics rated crazyhouse match"]
[Site "fics, Oklahoma City, OK USA"]
[Date "2000.01.24"]
[White "Ebenfelt"]
[WhiteElo "2342"]
[Black "venomous"]
[BlackElo "2469"]
[TimeControl "180+0"]
[Result "0-1"]

1. e4 e6 2. d4 Nc6 3. Nc3 Nf6 4. Nf3 Bb4 5. Bd3 d5 6. exd5 
Nxd5 7. Bd2 P@a3 8. Nxd5 Bxd2+ 9. Qxd2 axb2 10. Rd1 exd5 11. N@h5 B@f8 
12. B@g5 P@e7 13. Ne5 Nxe5 14. dxe5 N@e6 15. P@f5 Nxg5 16. Qxg5 B@c3+ 17. Kf1 
Bxe5 18. N@g4 Bf6 19. Nhxf6+ exf6 20. Qe3+ Qe7 21. Qxe7+ Bxe7 22. B@e6 fxe6 
23. fxe6 Bxe6 24. P@f5 P@e2+ 25. Bxe2 Bxf5 26. P@f7+ Kd8 27. Rxd5+ N@d6 28. Rxd6+ 
Bxd6 29. P@e7+ Bxe7 30. N@c6+ bxc6 31. N@b7+ Kc8 32. Nd6+ Bxd6 33. Ba6+ Kd7 
34. Nxf6+ gxf6 35. Q@e8+ Rhxe8 36. fxe8=Q+ Rxe8 
{Ebenfelt resigns} 0-1

[Event "fics rated crazyhouse match"]
[Site "fics, Oklahoma City, OK USA"]
[Date "2000.01.24"]
[White "venomous"]
[WhiteElo "2474"]
[Black "Ebenfelt"]
[BlackElo "2335"]
[TimeControl "180+0"]
[Result "0-1"]

1. b3 e5 2. Bb2 Nc6 3. e3 d5 4. Nf3 Bd6 5. Bb5 Bg4 6. h3 
Bxf3 7. Qxf3 Nf6 8. Bxc6+ bxc6 9. B@b7 B@e4 10. Bxc6+ Kf8 11. Qg3 Bxc2 
12. Na3 N@d3+ 13. Kf1 Nxb2 14. Nxc2 B@d3+ 15. P@e2 Bxe2+ 16. Kxe2 P@d3+ 17. Kf1 
dxc2 18. B@g5 N@e4 19. Qh4 Nxg5 20. Qxg5 B@h6 21. Qxh6 gxh6 22. B@g7+ Kxg7 
23. N@f5+ Kg8 24. Nxh6+ Kf8 25. P@g7+ Ke7 26. gxh8=Q P@e2+ 27. Kg1 Q@f1+ 28. Rxf1 
exf1=Q+ 29. Kxf1 R@e1+ 30. Kxe1 c1=Q+ 31. Ke2 B@d3+ 32. Kf3 e4# 
{venomous checkmated} 0-1

[Event "fics rated crazyhouse match"]
[Site "fics, Oklahoma City, OK USA"]
[Date "2000.01.24"]
[White "Ebenfelt"]
[WhiteElo "2350"]
[Black "venomous"]
[BlackElo "2463"]
[TimeControl "180+0"]
[Result "0-1"]

1. e4 e6 2. d4 Nc6 3. Nf3 Nf6 4. Bd3 d6 5. O-O e5 6. dxe5 
Nxe5 7. Nxe5 dxe5 8. Nc3 Bg4 9. P@f3 Be6 10. Nd5 P@h3 11. gxh3 Bxh3 
12. Bb5+ P@c6 13. Nxf6+ gxf6 14. P@g2 Bxg2 15. Bxc6+ bxc6 16. P@d7+ Qxd7 17. N@g7+ 
Bxg7 18. Qxd7+ Kxd7 19. N@c5+ Ke8 20. Q@d7+ Kf8 21. Ne6+ fxe6 22. Qxg7+ Kxg7 
23. B@h6+ Kf7 
{Ebenfelt resigns} 0-1

[Event "fics rated crazyhouse match"]
[Site "fics, Oklahoma City, OK USA"]
[Date "2000.01.24"]
[White "venomous"]
[WhiteElo "2469"]
[Black "Ebenfelt"]
[BlackElo "2343"]
[TimeControl "180+0"]
[Result "1-0"]

1. e4 e5 2. Nf3 Nc6 3. Bc4 Bc5 4. O-O Nf6 5. d3 h6 6. Be3 
d6 7. Bxc5 dxc5 8. B@d5 O-O 9. Bxc6 bxc6 10. Nxe5 B@h5 11. Qd2 Qd6 
12. Nxc6 Nxe4 13. dxe4 Qxd2 14. Nxd2 P@f3 15. P@e7 Re8 16. Q@f8+ Rxf8 17. exf8=Q+ 
Kxf8 18. P@e7+ Kg8 19. e8=Q+ B@f8 20. Ne7+ Kh7 21. R@h8+ Kxh8 22. Qxf8+ Kh7 
23. Qg8# 
{Ebenfelt checkmated} 1-0

[Event "fics rated crazyhouse match"]
[Site "fics, Oklahoma City, OK USA"]
[Date "2001.01.24"]
[White "Blechkiste"]
[WhiteElo "2524"]
[Black "Senkath"]
[BlackElo "2147"]
[TimeControl "60+0"]
[Result "1-0"]

1. e4 e5 2. Bc4 d6 3. Nf3 Be7 4. d4 Nf6 5. Bxf7+ Kxf7 6. dxe5 
Nxe4 7. Qd5+ B@e6 8. Qxe4 Rf8 9. Qxh7 P@g6 10. N@g5+ Bxg5 11. Nxg5+ Ke7 
12. P@f6+ Kd7 13. Qxg7+ N@f7 14. P@e7 Qxe7 15. fxe7 
{Senkath resigns} 1-0

[Event "fics rated crazyhouse match"]
[Site "fics, Oklahoma City, OK USA"]
[Date "2001.01.24"]
[White "Senkath"]
[WhiteElo "2145"]
[Black "Blechkiste"]
[BlackElo "2526"]
[TimeControl "60+0"]
[Result "0-1"]

1. e4 e6 2. Nc3 d6 3. Nf3 a6 4. Be2 Nf6 5. O-O Nc6 6. d3 
Bd7 7. Bg5 h6 8. Bxf6 gxf6 9. d4 Rg8 10. d5 exd5 11. Nxd5 P@h3 
12. P@g3 hxg2 13. Kxg2 P@g4 14. Kg1 gxf3 15. Bxf3 N@h3+ 16. Kh1 B@d4 17. P@e3 
Bxb2 18. P@g2 Bxa1 19. Qxa1 R@g1# 
{Senkath resigns} 0-1

[Event "fics rated crazyhouse match"]
[Site "fics, Oklahoma City, OK USA"]
[Date "2001.01.24"]
[White "Blechkiste"]
[WhiteElo "2528"]
[Black "Senkath"]
[BlackElo "2143"]
[TimeControl "60+0"]
[Result "1-0"]

1. e4 e5 2. Bc4 d6 3. Nf3 Be7 4. d4 exd4 5. Nxd4 Nf6 6. Nf5 
Bxf5 7. exf5 O-O 8. P@h6 gxh6 9. Bxh6 P@g7 10. Bg5 Nc6 11. P@g6 hxg6 
12. fxg6 d5 13. Bxf6 Bxf6 14. Qxd5 P@e6 15. gxf7+ Rxf7 16. Qxe6 B@g6 17. B@f5 
P@d7 18. Qe4 Bxf5 19. Bxf7+ Kh8 20. Qxf5 N@h6 21. R@h7# 
{Senkath checkmated} 1-0

[Event "fics rated crazyhouse match"]
[Site "fics, Oklahoma City, OK USA"]
[Date "2001.01.24"]
[White "Senkath"]
[WhiteElo "2141"]
[Black "Blechkiste"]
[BlackElo "2530"]
[TimeControl "60+0"]
[Result "0-1"]

1. e4 Nf6 2. Nc3 e6 3. Nf3 Nc6 4. Be2 Bb4 5. d3 d5 6. O-O 
Bxc3 7. bxc3 dxe4 8. dxe4 Qxd1 9. Rxd1 Nxe4 10. Bb5 N@d6 11. Bxc6+ bxc6 
12. B@g5 P@f6 13. Bxf6 gxf6 14. N@g7+ Kd8 15. P@e7+ Kxe7 16. P@g5 P@e2 17. gxf6+ 
Kxf6 18. P@g5+ Ke7 19. Re1 Q@d1 20. Bf4 Qxc2 21. Bxd6+ cxd6 22. Rxe2 Nxg5 
23. P@f6+ Kxf6 24. Rxc2 Nxf3+ 25. gxf3 N@h3+ 26. Kh1 Nxf2+ 27. Rxf2 Kxg7 28. N@h5+ 
Kf8 29. Q@g7+ Ke8 30. N@f6+ Kd8 31. Qxf7 P@g2+ 32. Rxg2 N@d7 33. Q@e8+ Rxe8 
34. Qxe8+ Kc7 35. Nxd7 P@h3 36. N@a6+ Bxa6 37. Qxa8 hxg2+ 38. Kxg2 N@e3+ 39. Kf2 
R@e2+ 40. Kg3 B@f2+ 41. Kf4 Q@f5# 
{Senkath checkmated} 0-1

[Event "fics rated crazyhouse match"]
[Site "fics, Oklahoma City, OK USA"]
[Date "2001.01.24"]
[White "Senkath"]
[WhiteElo "2137"]
[Black "Blechkiste"]
[BlackElo "2534"]
[TimeControl "60+0"]
[Result "0-1"]

1. e4 Nf6 2. Nc3 d5 3. exd5 Nxd5 4. Nxd5 Qxd5 5. Nf3 Bg4 6. Be2 
e5 7. O-O N@f4 8. N@c3 Qc5 9. P@e3 Nxe2+ 10. Qxe2 Nc6 11. d4 Bxf3 
12. Qxf3 exd4 13. exd4 Qxd4 14. Re1+ P@e5 15. Be3 Qd7 16. B@b5 N@g4 17. P@d5 
P@g3 18. dxc6 gxh2+ 19. Kh1 bxc6 20. Bxc6 Nxe3 21. fxe3 Rd8 22. Bxd7+ Rxd7 
23. P@c6 Rd2 24. N@d3 Rxd3 25. cxd3 N@c5 26. d4 P@d2 27. dxc5 dxe1=Q+ 28. Rxe1 
R@g1+ 29. Rxg1 hxg1=Q+ 30. Kxg1 R@e1+ 31. N@f1 Rxf1+ 32. Qxf1 P@h2+ 33. Kh1 N@g3+ 
34. Kxh2 Nxf1+ 35. Kg1 P@h2+ 36. Kxf1 B@d3+ 37. Kf2 B@h4+ 38. g3 Q@f1# 
{Senkath checkmated} 0-1

[Event "fics rated crazyhouse match"]
[Site "fics, Oklahoma City, OK USA"]
[Date "2001.01.24"]
[White "Blechkiste"]
[WhiteElo "2535"]
[Black "Senkath"]
[BlackElo "2136"]
[TimeControl "60+0"]
[Result "1-0"]

1. e4 e5 2. Bc4 d6 3. Nf3 Be7 4. d4 exd4 5. Nxd4 Nf6 6. P@f3 
O-O 7. Nc3 Nc6 8. Nxc6 bxc6 9. N@d4 P@b4 10. Nxc6 Qd7 11. Nd5 Nxd5 
12. Bxd5 N@b6 13. P@b7 Bxb7 14. Nxe7+ Qxe7 15. Bxb7 P@c3 16. Bxa8 Rxa8 17. B@d4 
cxb2 18. N@h6+ Kh8 19. Bxg7+ Kxg7 20. Nf5+ Kf6 21. Bxb2+ B@c3+ 22. Bxc3+ bxc3 
23. B@h4+ Ke6 24. Bxe7 P@d2+ 25. Kf1 N@c4 26. P@d5+ Nxd5 27. exd5+ Kxd5 28. R@e5+ 
Kc6 29. Q@b5# 
{Senkath checkmated} 1-0

[Event "fics rated crazyhouse match"]
[Site "fics, Oklahoma City, OK USA"]
[Date "2001.01.24"]
[White "Senkath"]
[WhiteElo "2135"]
[Black "Blechkiste"]
[BlackElo "2536"]
[TimeControl "60+0"]
[Result "0-1"]

1. e4 e6 2. Nc3 d6 3. Nf3 a6 4. Be2 Nd7 5. O-O Ngf6 6. d3 
e5 7. Bg5 Be7 8. Bxf6 Nxf6 9. Nd5 Nxd5 10. exd5 N@f4 11. c4 Bg4 
12. N@e3 Bd7 13. d4 e4 14. Nd2 Nxe2+ 15. Qxe2 B@d3 16. Qd1 Bg5 17. N@g3 
Bxe3 18. fxe3 Bxf1 19. Qxf1 B@d3 20. B@e2 Bxe2 21. Nxe2 N@g4 22. Nxe4 Nxe3 
23. Qxf7+ Kxf7 24. N@g5+ Kf8 25. P@e6 R@g4 26. P@g3 Be8 27. B@d2 Nxc4 28. B@f7 
Nxd2 29. Bxe8 Rxg5 30. Nxg5 Qxg5 
{Senkath forfeits on time} 0-1

[Event "fics rated crazyhouse match"]
[Site "fics, Oklahoma City, OK USA"]
[Date "2000.01.25"]
[White "Leech"]
[WhiteElo "2259"]
[Black "Igy"]
[BlackElo "2267"]
[TimeControl "120+0"]
[Result "1/2-1/2"]

1. e4 e6 2. Nf3 Nc6 3. Nc3 Nf6 4. d4 Bb4 5. Bg5 Nxe4 6. Bxd8 
Nxc3 7. bxc3 Bxc3+ 8. N@d2 Kxd8 9. Bb5 Nxd4 10. Nxd4 Bxd4 11. O-O P@b2 
12. Nb3 bxa1=Q 13. Nxa1 N@c3 14. Qxd4 N@e2+ 15. Bxe2 Nxe2+ 16. Kh1 Nxd4 17. B@c5 
Nf5 18. P@e7+ Nxe7 19. Bxe7+ Kxe7 20. N@d5+ exd5 21. N@f5+ Kf6 22. Q@e7+ Kxf5 
23. N@h4+ Kg4 24. f3+ Kh5 25. g4+ Kh6 26. Nf5+ Kg6 27. Nh4+ Kh6 28. Nf5+ 
Kg6 29. Nh4+ Kh6 
{Game drawn by repetition} 1/2-1/2

[Event "fics rated crazyhouse match"]
[Site "fics, Oklahoma City, OK USA"]
[Date "2000.01.25"]
[White "Igy"]
[WhiteElo "2267"]
[Black "Leech"]
[BlackElo "2259"]
[TimeControl "120+0"]
[Result "1-0"]

1. e4 e6 2. d4 Nf6 3. Bd3 d5 4. Nd2 Nc6 5. c3 Be7 6. Ngf3 
O-O 7. O-O a6 8. e5 Nd7 9. Re1 f5 10. exf6 Nxf6 11. Bxh7+ Nxh7 
12. P@g6 Nf6 13. Ne5 Nxe5 14. dxe5 B@h5 15. Qc2 Ng4 16. Nf3 Nxf2 17. P@f7+ 
Kh8 18. N@f4 Bxf3 19. Qxf2 Bxg2 20. Qxg2 N@h4 21. Qh3 N@f3+ 22. Kh1 Nxe1 
23. B@f6 Bxf6 24. exf6 Qxf6 25. N@g4 P@g2+ 26. Nxg2 Qf1+ 27. B@g1 Nxg2 28. P@h7 
{Leech forfeits on time} 1-0

[Event "fics rated crazyhouse match"]
[Site "fics, Oklahoma City, OK USA"]
[Date "2000.01.25"]
[White "Leech"]
[WhiteElo "2251"]
[Black "Igy"]
[BlackElo "2275"]
[TimeControl "120+0"]
[Result "1-0"]

1. e4 Nf6 2. e5 Nd5 3. Bc4 e6 4. Bxd5 exd5 5. Nc3 d6 6. d4 
dxe5 7. dxe5 Bb4 8. Nf3 B@h5 9. N@f4 Bcg4 10. Nxh5 Bxh5 11. B@g5 Bxf3 
12. Qxf3 N@d4 13. Qd3 Nxc2+ 14. Qxc2 P@e7 15. P@h6 gxh6 16. N@g7+ Kd7 17. Bxh6 
N@d4 18. Qd3 Bxc3+ 19. bxc3 N@c2+ 20. Kd2 Nxa1 21. cxd4 P@c4 22. B@f5+ e6 
23. Nxe6 cxd3 24. Nxd8+ P@e6 25. N@f6+ Kxd8 26. P@e7+ Kc8 27. Q@d8+ Rxd8 28. exd8=Q+ 
Kxd8 29. P@e7+ Kxe7 30. B@f8+ Kd8 31. R@e8# 
{Igy checkmated} 1-0

[Event "fics rated crazyhouse match"]
[Site "fics, Oklahoma City, OK USA"]
[Date "2000.01.25"]
[White "Igy"]
[WhiteElo "2266"]
[Black "Leech"]
[BlackElo "2260"]
[TimeControl "120+0"]
[Result "0-1"]

1. e4 e6 2. d4 Nf6 3. Nc3 d5 4. e5 Ne4 5. Nxe4 dxe4 6. Bb5+ 
Bd7 7. Bxd7+ Nxd7 8. Nh3 Nxe5 9. dxe5 Qxd1+ 10. Kxd1 Rd8+ 11. Bd2 B@g4+ 
12. Kc1 N@e2+ 13. Kb1 Rxd2 14. B@b5+ B@c6 15. Q@c8+ Q@d8 16. Bxc6+ bxc6 17. Qxd8+ 
Rxd8 18. N@a6 B@a5 19. B@d6 Bxh3 20. Bxc7 N@d2# 
{Igy checkmated} 0-1

[Event "fics rated crazyhouse match"]
[Site "fics, Oklahoma City, OK USA"]
[Date "2000.01.25"]
[White "Leech"]
[WhiteElo "2268"]
[Black "Igy"]
[BlackElo "2258"]
[TimeControl "120+0"]
[Result "1-0"]

1. e4 e6 2. d4 Nc6 3. Nf3 Nf6 4. Nc3 Bb4 5. Bd3 d5 6. e5 
Ne4 7. Bd2 Bxc3 8. bxc3 N@a4 9. Bxe4 dxe4 10. Ng5 B@d5 11. N@h5 Nxc3 
12. Nxg7+ Kf8 13. B@f6 P@e7 14. N7xe6+ Bcxe6 15. P@g7+ Ke8 16. gxh8=Q+ N@f8 17. Qxf8+ 
Kxf8 18. R@h8# 
{Igy checkmated} 1-0

[Event "fics rated crazyhouse match"]
[Site "fics, Oklahoma City, OK USA"]
[Date "2000.01.25"]
[White "Igy"]
[WhiteElo "2250"]
[Black "Leech"]
[BlackElo "2276"]
[TimeControl "120+0"]
[Result "1-0"]

1. e4 e6 2. Nc3 d5 3. Nf3 Nf6 4. e5 Ne4 5. d3 Nxf2 6. Kxf2 
d4 7. Ne4 Nc6 8. Be2 P@g4 9. Nfg5 Nxe5 10. Bxg4 P@e3+ 11. Kf1 Be7 
12. Bh5 Bxg5 13. Nxg5 Qxg5 14. N@e4 Qxg2+ 15. Kxg2 N@f4+ 16. Kg3 Nxh5+ 17. Qxh5 
N@f5+ 18. Kf4 B@g4 19. B@g5 P@f6 20. Bxf6 gxf6 21. Nxf6+ Ke7 22. N@d5# 
{Leech forfeits on time} 1-0

[Event "fics rated crazyhouse match"]
[Site "fics, Oklahoma City, OK USA"]
[Date "2000.01.25"]
[White "Leech"]
[WhiteElo "2267"]
[Black "Igy"]
[BlackElo "2259"]
[TimeControl "120+0"]
[Result "0-1"]

1. e4 e6 2. d4 Nc6 3. Nf3 Nf6 4. Nc3 Bb4 5. Bg5 Nxe4 6. Bxd8 
Nxc3 7. bxc3 Bxc3+ 8. N@d2 Kxd8 9. Bb5 Nxd4 10. Nxd4 Bxd4 11. O-O P@b2 
12. Nb3 bxa1=Q 13. Nxa1 R@d5 14. Bc4 Bxf2+ 15. Kh1 Rxd1 16. Rxd1 B@f6 17. R@f4 
Q@h6 18. Rxf2 N@g3+ 19. Kg1 P@e3 20. hxg3 exf2+ 21. Kxf2 N@g4+ 22. Ke2 R@f2+ 
23. Ke1 Qe3# 
{Leech forfeits on time} 0-1

[Event "fics rated crazyhouse match"]
[Site "fics, Oklahoma City, OK USA"]
[Date "2000.01.25"]
[White "Igy"]
[WhiteElo "2267"]
[Black "Leech"]
[BlackElo "2259"]
[TimeControl "120+0"]
[Result "1-0"]

1. e4 e6 2. Nc3 d5 3. Nf3 Nf6 4. e5 Ne4 5. d3 Nxc3 6. bxc3 
Nc6 7. Rb1 d4 8. cxd4 Nxd4 9. Nxd4 Qxd4 10. Bb2 Bb4+ 11. P@d2 P@c3 
12. Bxc3 Bxc3 13. N@f3 Bxd2+ 14. Qxd2 P@c3 15. Qg5 B@d2+ 16. Nxd2 cxd2+ 17. Qxd2 
N@c4 18. B@b5+ Bd7 19. Bxc4 N@a3 20. N@f3 Nxb1 21. Qg5 Qc3+ 22. P@d2 Qxc2 
23. B@d1 R@c1 24. Be2 N@b2 25. O-O Nxd1 26. Qxg7 O-O-O 27. Bb3 Qc6 28. Bbxd1 
Rdg8 29. N@d4 Rxg7 30. Nxc6 Rxg2+ 31. Kh1 B@h3 32. N@e7# 
{Leech checkmated} 1-0

[Event "fics rated crazyhouse match"]
[Site "fics, Oklahoma City, OK USA"]
[Date "2000.01.25"]
[White "Leech"]
[WhiteElo "2251"]
[Black "Igy"]
[BlackElo "2275"]
[TimeControl "120+0"]
[Result "0-1"]

1. e4 e6 2. d4 Nc6 3. Bb5 Nf6 4. Bg5 Be7 5. Bxc6 dxc6 6. Nc3 
B@a5 7. Bxf6 Bxf6 8. Nf3 B@h5 9. e5 Bg5 10. N@e4 Bxf3 11. Qxf3 Qxd4 
12. Rd1 Bxc3+ 13. bxc3 P@d2+ 14. Nxd2 Qxe5+ 15. P@e3 N@h4 16. Qh3 N@f4 17. Qg3 
Nfxg2+ 18. Kf1 P@f4 19. Qxh4 Nxh4 20. B@h3 fxe3 21. N@c4 e2+ 22. Ke1 Bxd2+ 
23. Rxd2 Nf3# 
{Leech checkmated} 0-1

[Event "fics rated crazyhouse match"]
[Site "fics, Oklahoma City, OK USA"]
[Date "2000.01.25"]
[White "Igy"]
[WhiteElo "2282"]
[Black "Leech"]
[BlackElo "2244"]
[TimeControl "120+0"]
[Result "1-0"]

1. e4 e5 2. Nf3 Nc6 3. Bc4 Bc5 4. O-O Nf6 5. c3 d6 6. d4 
exd4 7. cxd4 Bxd4 8. Nxd4 Nxd4 9. Qxd4 P@e5 10. Bxf7+ Kxf7 11. Qc4+ P@e6 
12. N@g5+ Ke7 13. P@f5 d5 14. exd5 exd5 15. Qe2 P@d6 16. P@d4 Bxf5 17. dxe5 
dxe5 18. Qxe5+ P@e6 19. Nxe6 Bxe6 20. P@f5 P@f7 21. P@g5 Ng4 22. f6+ gxf6 
23. gxf6+ Kd7 24. P@e7 Qb8 25. Qe2 N@d4 26. B@a4+ B@c6 27. Bxc6+ bxc6 28. Qd3 
B@e4 29. Qxd4 N@e2+ 30. Kh1 Bxg2+ 31. Kxg2 P@h3+ 32. Kxh3 
{Leech forfeits on time} 1-0

[Event "fics rated crazyhouse match"]
[Site "fics, Oklahoma City, OK USA"]
[Date "2000.01.25"]
[White "Leech"]
[WhiteElo "2237"]
[Black "Igy"]
[BlackElo "2289"]
[TimeControl "120+0"]
[Result "0-1"]

1. e4 Nf6 2. e5 Nd5 3. Bc4 e6 4. Bxd5 exd5 5. Nc3 d6 6. d4 
dxe5 7. dxe5 Nc6 8. Nf3 Bb4 9. O-O Bg4 10. Nxd5 P@e4 11. N@f6+ Kf8 
12. Nxe4 Nxe5 13. P@h6 Nxf3+ 14. Qxf3 Bxf3 15. hxg7+ Kxg7 16. P@h6+ Kg6 17. N@h4+ 
Qxh4 18. P@f5+ Kxf5 19. Ng3+ Ke5 20. Bf4+ Kxd5 21. Rad1+ Bxd1 22. Rxd1+ Ke6 
23. B@f5+ Ke7 24. P@f6+ Qxf6 25. Ne4 N@e2# 
{Leech forfeits on time} 0-1

[Event "fics rated crazyhouse match"]
[Site "fics, Oklahoma City, OK USA"]
[Date "2000.01.25"]
[White "Igy"]
[WhiteElo "2296"]
[Black "Leech"]
[BlackElo "2230"]
[TimeControl "120+0"]
[Result "1-0"]

1. e4 e6 2. Nf3 Nf6 3. Nc3 d5 4. e5 Ne4 5. d3 Nxf2 6. Kxf2 
d4 7. Ne4 Nc6 8. Bf4 Be7 9. Be2 O-O 10. Rf1 f6 11. Kg1 fxe5 
12. Nxe5 Nxe5 13. Bxe5 N@e3 14. Rxf8+ Qxf8 15. N@h6+ Kh8 16. R@g8+ Qxg8 17. N@f7+ 
Qxf7 18. Nxf7+ Kg8 19. Nh6+ Kf8 20. Q@f7# 
{Leech checkmated} 1-0

[Event "fics rated crazyhouse match"]
[Site "fics, Oklahoma City, OK USA"]
[Date "2000.01.25"]
[White "Leech"]
[WhiteElo "2229"]
[Black "Lomboc"]
[BlackElo "2221"]
[TimeControl "180+0"]
[Result "1-0"]

1. e4 e6 2. d4 d5 3. Nc3 dxe4 4. Nxe4 Nd7 5. Nf3 Ngf6 6. Bg5 
Be7 7. Bxf6 Nxf6 8. Nxf6+ Bxf6 9. N@h5 Rg8 10. Nxf6+ gxf6 11. P@e5 fxe5 
12. dxe5 P@g7 13. Qxd8+ Kxd8 14. Rd1+ B@d5 15. P@e7+ Kxe7 16. B@b4+ P@d6 17. exd6+ 
cxd6 18. Bxd6+ Kxd6 19. P@e5# 
{Lomboc resigns} 1-0

[Event "fics rated crazyhouse match"]
[Site "fics, Oklahoma City, OK USA"]
[Date "2000.01.25"]
[White "Igy"]
[WhiteElo "2299"]
[Black "fisherman"]
[BlackElo "2178"]
[TimeControl "180+0"]
[Result "1-0"]

1. e4 e6 2. Nc3 Nc6 3. d4 d5 4. exd5 exd5 5. Nf3 Bb4 6. Bg5 
P@f6 7. Bf4 Bg4 8. Be2 Nge7 9. O-O Bxc3 10. bxc3 Nf5 11. h3 Bxf3 
12. Bxf3 O-O 13. B@d3 N@h4 14. Bg4 N@e4 15. P@f3 Nxc3 16. Qd2 Nfxd4 17. Qxc3 
P@e5 18. Be3 P@e4 19. fxe4 dxe4 20. Bxe4 P@f5 21. Bexf5 Nhxf5 22. Rad1 Nd6 
23. P@h6 gxh6 24. Bxh6 B@g5 25. B@c1 P@f4 26. Bxg5 fxg5 27. P@g7 Kxg7 28. N@h5+ 
Kg8 29. P@g7 B@f6 30. Rxd4 exd4 31. N@h6# 
{fisherman checkmated} 1-0

[Event "fics rated crazyhouse match"]
[Site "fics, Oklahoma City, OK USA"]
[Date "2000.01.25"]
[White "fisherman"]
[WhiteElo "2173"]
[Black "Igy"]
[BlackElo "2304"]
[TimeControl "180+0"]
[Result "0-1"]

1. e4 e6 2. d4 Nc6 3. Nf3 Nf6 4. Bd3 d6 5. O-O Bd7 6. Nc3 
Be7 7. e5 Nd5 8. Ne4 dxe5 9. dxe5 P@g4 10. Nfg5 Nxe5 11. Bf4 Nxf4 
12. P@d4 Bxg5 13. dxe5 P@f3 14. gxf3 N@h3+ 15. Kh1 B@g2# 
{fisherman checkmated} 0-1

[Event "fics rated crazyhouse match"]
[Site "fics, Oklahoma City, OK USA"]
[Date "2000.01.25"]
[White "LINDEGREN"]
[WhiteElo "2288"]
[Black "Gobi"]
[BlackElo "2326"]
[TimeControl "180+0"]
[Result "1-0"]

1. e4 e5 2. Nc3 Nc6 3. Nf3 Bc5 4. Bc4 Nf6 5. O-O O-O 6. d3 
d6 7. Bg5 Be6 8. Nd5 Bxd5 9. exd5 Na5 10. B@h4 N@g4 11. h3 Nxf2 
12. Rxf2 Bxf2+ 13. Bxf2 P@f4 14. B@h4 R@g6 15. Bxf6 gxf6 16. N@g4 B@g7 17. N@h5 
Nxc4 18. dxc4 B@f5 19. Ngxf6+ Bxf6 20. Nxf6+ Kh8 21. Nxh7 Kxh7 22. Bxd8 N@e4 
23. B@h5 Rh6 24. N@g5+ Kh8 25. P@g7+ Kxg7 26. Nxe4 Bxe4 27. P@f6+ Rxf6 28. Bxf6# 
{Gobi resigns} 1-0